AoeStats
← Caketown

Arabia

510080191Analyzed
1v1 RM · 2d ago on Sep 29, 2026· 43m 47s· 2 players
Game mode
Random Map
Map size
Tiny (2 player)
Population
200
Speed
Normal
Resources
Standard
Victory
Conquest
Starting age
Dark Age
Ending age
Imperial Age
RankedLock teamsTeams togetherTeam positionsShared explorationLock speedFull tech treeHidden civsTurbo modeCheats
Victory
Defeat
🇺🇸 Burmese · United States
1226
+17
🇦🇺 Jurchens · Australia
1241
-17
mchill37
7:17 Loom
9:43 Feudal Age
15:28 Horse Collar
20:47 Castle Age
19:51 Scale Barding Armor
21:07 Bloodlines
22:55 Chain Barding Armor
22:52 Fletching
27:09 Husbandry
31:47 Redemption
35:34 Sanctity
37:03 Bodkin Arrow
45:46 Imperial Age
Caketown
7:07 Loom
10:06 Feudal Age
10:38 Double-Bit Axe
19:44 Castle Age
18:43 Gold Mining
18:38 Horse Collar
19:34 Forging
19:14 Arson
19:32 Scale Mail Armor
24:24 Squires
25:05 Bow Saw
29:15 Iron Casting
35:20 Wheelbarrow
38:10 Light Cavalry
39:01 Bloodlines
38:51 Husbandry
43:14 Imperial Age
41:54 Husbandry
Connection lost

Rejoining the realm…

Still unreachable

The connection could not be restored.

Session expired

The server has moved on; the page needs a fresh start.